 Dungeon Crawl Stone Soup version 0.28-a0-29-g0adfcbbeba (webtiles) character file.

Game seed: 153013164161860347

2319 HAL9000 the Martial Artist (level 9, -2/71 HPs)
             Began as a Purple Draconian Transmuter on July 26, 2021.
             Was a Follower of Elyvilon.
             Slain by a black bear (5 damage)
             ... on level 7 of the Dungeon on July 27, 2021.
             The game lasted 00:18:04 (9291 turns).

HAL9000 the Martial Artist (DrTm)                   Turns: 9291, Time: 00:18:05

Health: -2/71      AC:  2    Str: 12    XL:     9   Next: 18%
Magic:  10/12      EV: 11    Int: 16    God:    Elyvilon [*.....]
Gold:   274        SH:  0    Dex: 18    Spells: 2/12 levels left

rFire   . . .      SeeInvis .     - Unarmed
rCold   . . .      Faith    .   (shield currently unavailable)
rNeg    . . .      Spirit   .   (armour unavailable)
rPois   x          Reflect  +   (helmet currently unavailable)
rElec   .          Harm     .   (cloak currently unavailable)
rCorr   .          Rampage  .   (gloves currently unavailable)
Will    +....                   (boots currently unavailable)
Stlth   ++........              t - amulet of reflection
HPRegen 0.21/turn               (no ring)
MPRegen 0.13/turn               (no ring)

@: short of breath, spider-form, marked, held
A: venomous fangs, (breathe power), AC +7, tiny, unfitting armour,
(cold-blooded)
a: End Transformation, Renounce Religion, Lesser Healing, Divine Protection


You were on level 7 of the Dungeon.
You worshipped Elyvilon.
Elyvilon was aware of your devotion.
You were a venomous arachnid creature.
You visited 2 branches of the dungeon, and saw 8 of its levels.

You collected 274 gold pieces.

Inventory:

Hand Weapons
 p - a +1 dagger
Missiles
 f - 10 boomerangs
 s - 18 poisoned darts
Magical Staves
 h - a staff of poison
Jewellery
 n - an amulet of regeneration
 t - an amulet of reflection (around neck)
Wands
 k - a wand of iceblast (8)
 m - a wand of flame (18)
Scrolls
 c - 3 scrolls of teleportation
 e - a scroll of amnesia
 i - 2 scrolls of silence {unknown}
 o - a scroll of blinking {unknown}
 q - a scroll of identify {unknown}
 r - a scroll of magic mapping {unknown}
Potions
 a - a potion of berserk rage {unknown}
 b - a potion of might
 d - 7 potions of degeneration {unknown}
 g - 2 potions of flight {unknown}
 j - 4 potions of curing {unknown}
 l - a potion of mutation {unknown}
 u - a potion of brilliance {unknown}


   Skills:
 - Level 4.0 Fighting
 + Level 3.7 Dodging
 - Level 8.3 Unarmed Combat
 - Level 2.4 Spellcasting
 + Level 8.2 Transmutations


You had 2 spell levels left.
You knew the following spells:

 Your Spells              Type           Power      Damage    Failure   Level
a - Beastly Appendage     Tmut           56%        N/A       4%          1
b - Wereblood             Tmut           28%        N/A       5%          2
c - Spider Form           Tmut/Pois      7%         N/A       26%         3
d - Ice Form              Ice/Tmut       15%        N/A       56%         4

Your spell library contained the following spells:

 Spells                   Type           Power      Damage    Failure   Level
 Cause Fear               Hex            0%         N/A       97%         4
 Dragon Form              Tmut           14%        N/A       100%        7
 Dragon's Call            Summ           0%         N/A       100%        9


Dungeon Overview and Level Annotations

Branches:
Dungeon (7/15)             Temple (1/1) D:4

Altars:
Ashenzari
Elyvilon
Fedhas
Gozag
Hepliaklqana
Kikubaaqudgha
Makhleb
Nemelex Xobeh
Okawaru
Qazlal
Ru
Sif Muna
Trog
Uskayaw
Vehumet
Wu Jian
Xom
Yredelemnul
The Shining One

Shops:
D:6 (

Annotations:
D:7 Harold


Innate Abilities, Weirdness & Mutations

You are a venomous arachnid creature.
You have poisonous fangs.
You are tiny and dextrous.
Your spellcasting is less reliable in this form.
Your armour is entirely melded.
You are incapable of wielding weapons or throwing items.
((You can breathe bolts of dispelling energy.))
((Your rich purple scales are hard. (AC +7)))
You cannot fit into any form of body armour.
((You are cold-blooded and may be slowed by cold attacks.))


Message History

Unknown command.
Casting: Spider Form (dangerous; 11% risk of failure)
Confirm with . or Enter, or press ? or * to list all spells.
You turn into a venomous arachnid creature.
You hit Harold but do no damage.
Harold is poisoned.
Harold is lightly wounded.
Harold points at you and mumbles some strange words.
A sentinel's mark forms upon you.
You hit Harold.
Harold looks as sick as possible!
Harold is lightly wounded.
You block Harold's attack.
You hit Harold.
Harold is moderately wounded.
Harold hits you with a +1 vorpal mace!
You hit Harold but do no damage.
Harold is moderately wounded.
Harold hits you with a +1 vorpal mace!!
You completely miss Harold.
Harold is moderately wounded.
A black bear comes into view.
Harold hits you with a +1 vorpal mace!!
* * * LOW HITPOINT WARNING * * *
x2 Unknown command.
Harold throws a throwing net.
The throwing net hits you.
You become entangled in the net!
You see here a throwing net.
You struggle against the net.
Unknown command.
As you read the scroll labelled JIEVEREDYS, it crumbles to dust.
It is a scroll of amnesia.
Really abort (and waste the scroll)? [Y]es or [N]o only, please.
Really abort (and waste the scroll)? [Y]es or [N]o only, please.
Really abort (and waste the scroll)? [Y]es or [N]o only, please.
Really abort (and waste the scroll)?
Okay, then.
The black bear bites you.
You die...

#.# #.# ########.#
.......#.######
######........###########
#.....##.##........#
#.....##.##.######.#
##..#.##.##.####
#..#....†.s@..#
#..####.##h##.# #:.#
#.##.# .# #... ..##.# .#
.... #####.. .. ... #.#
.. #.. ..# ... ..#


You could see Harold (very poisoned) and a black bear.

Vanquished Creatures
  Eustachio (D:5)
  An acid dragon (D:6)
  An orc warrior (D:6)
  A black bear (D:5)
  A necrophage (D:6)
  3 sky beasts
  A centaur (D:7)
  2 ogres
  A water moccasin zombie (D:5)
  A wyvern zombie (D:7)
  A scorpion (D:6)
  A howler monkey (D:6)
  5 wights
  3 hounds
  A bullfrog skeleton (D:6)
  2 orc priests
  A gnoll shaman (D:5)
  6 jellies
  3 iguanas
  2 orc wizards
  Natasha (thrice) (D:4)
  Robin (D:4)
  5 gnolls (D:5)
  A howler monkey skeleton (D:4)
  4 adders
  A shadow imp (D:6)
  2 ufetubi
  An adder skeleton (D:4)
  A dart slug (D:2)
  14 orcs
  7 ball pythons
  9 bats
  15 endoplasms
  7 giant cockroaches
  15 goblins
  12 hobgoblins
  9 jackals
  8 kobolds
  4 quokkas
  2 frilled lizards (D:1)
  3 rats
162 creatures vanquished.

Notes
Turn   | Place    | Note
-------+----------+-------------------------------------------
     0 | D:1      | HAL9000 the Draconian Transmuter began the quest for the
                  | Orb.
     0 | D:1      | Reached XP level 1. HP: 16/16 MP: 3/3
   193 | D:1      | Reached XP level 2. HP: 23/23 MP: 3/5
   561 | D:1      | Upgraded the game from 0.28-a0-20-gdd470a43dd to
                  | 0.28-a0-29-g0adfcbbeba
   680 | D:1      | Reached XP level 3. HP: 27/28 MP: 4/6
   706 | D:1      | Learned a level 2 spell: Wereblood
   710 | D:1      | Learned a level 3 spell: Spider Form
  1406 | D:2      | Found an ornate altar of the Wu Jian Council.
  1418 | D:2      | Reached XP level 4. HP: 34/35 MP: 5/7
  2457 | D:3      | Reached skill level 5 in Transmutations
  2580 | D:3      | Reached XP level 5. HP: 10/40 MP: 3/8
  3134 | D:3      | Found a hide-covered altar of Uskayaw.
  3134 | D:3      | Found an opulent altar of Gozag.
  3187 | D:4      | Noticed Natasha
  3200 | D:4      | Killed Natasha
  3258 | D:4      | Noticed Natasha
  3438 | D:4      | Killed Natasha
  3569 | D:4      | Noticed Natasha
  3577 | D:4      | Killed Natasha
  3945 | D:4      | Reached XP level 6. HP: 43/47 MP: 5/9
  4201 | D:4      | Noticed Robin
  4593 | D:4      | Killed Robin
  4701 | D:4      | Found a staircase to the Ecumenical Temple.
  4794 | Temple   | Entered the Ecumenical Temple
  4987 | Temple   | Became a worshipper of Elyvilon the Healer
  5020 | D:5      | Entered Level 5 of the Dungeon
  5079 | D:5      | Noticed Eustachio
  5129 | D:5      | Noticed a sky beast
  5223 | D:5      | HP: 1/48 [something (6)]
  5225 | D:5      | Killed a sky beast
  5226 | D:5      | Reached skill level 5 in Unarmed Combat
  5226 | D:5      | Your scales start taking on a rich purple colour.
  5226 | D:5      | Reached XP level 7. HP: 1/55 MP: 7/10
  6332 | D:5      | Killed Eustachio
  6677 | D:5      | Reached XP level 8. HP: 30/62 MP: 7/11
  7594 | D:5      | Reached * piety under Elyvilon
  7790 | D:5      | Learned a level 4 spell: Ice Form
  7883 | D:6      | Found Pumpoil's Weapon Shop.
  8319 | D:6      | Identified the +5 ring mail of the Jolly Lives {Rampage
                  | rPois Int-5 Slay+5}
  8770 | D:6      | Reached XP level 9. HP: 65/71 MP: 9/12
  8978 | D:7      | Found a sacrificial altar of Ru.
  9280 | D:7      | Noticed Harold
  9288 | D:7      | HP: 3/71 [Harold (1)]
  9291 | D:7      | Slain by a black bear

Illustrated notes

Levels and vault maps discovered:
D:1:      minmay_arrival_checkered_box, layout_basic, hangedman_decor_points
D:2:      layout_loops_corners, basic_altar, kennysheep_generic_room_15
D:3:      layout_rooms, gammafunk_temple_overflow_wave
D:4:      layout_rooms, minmay_temple_entry_butterflies, uniq_robin,
          uniq_natasha
D:5:      layout_cave_pools, grunt_ministairs_2, uniq_eustachio
D:6:      layout_loops_ring, serial_shops, kennysheep_mini,
          kennysheep_minor_cross, hangedman_decor_diamond_cutter, minmay_puff
D:7:      layout_loops_corners, mainiacjoe_overflow_tiny_flanked, uniq_harold
Temple:   eino_temple_rhombus

Skill      XL: |  1  2  3  4  5  6  7  8  9 |
---------------+----------------------------+-----
Transmutations | 3 4 5 6 7 8 |  8.2
Unarmed Combat | 5 7 8 |  8.3
Fighting       | 2 4 |  4.0
Dodging        | 3 |  3.7
Spellcasting   | |  2.4

Action                   |  1- 3 |  4- 6 |  7- 9 || total
-------------------------+-------+-------+-------++-------
Melee: Unarmed           |   125 |   193 |   222 ||   540
       Kick              |    18 |    26 |     5 ||    49
       Headbutt          |    14 |    10 |     3 ||    27
       Tailslap          |     9 |     5 |     6 ||    20
       Punch             |       |     1 |     1 ||     2
 Cast: Beastly Appendage |    28 |    24 |     5 ||    57
       Spider Form       |       |    14 |    32 ||    46
 Abil: Breathe Dispellin |       |       |     6 ||     6
Evoke: Wand              |       |       |     3 ||     3
  Use: Scroll            |       |     1 |     3 ||     4
 Stab: Sleeping          |       |       |     2 ||     2
Armor: Skin              |    58 |    35 |    22 ||   115
Dodge: Dodged            |   110 |   143 |   164 ||   417
Block: Other             |       |       |     2 ||     2

Table legend: (Time is in decaauts)
 A = Elapsed time spent in this place.
 B = Non-inter-level travel time spent in this place.
 C = Inter-level travel time spent in this place.
 D = Time resting spent in this place.
 E = Time spent auto-exploring this place.
 F = Levels seen in this place.
 G = Mean time per level.
                   A        B        C        D        E       F      G
               +--------+--------+--------+--------+--------+-----+--------+
         Total |   9284 |   8885 |    399 |   3131 |   4271 |   8 | 1160.5 |
       Dungeon |   9084 |   8691 |    393 |   3131 |   4099 |   7 | 1297.7 |
        Temple |    199 |    193 |      6 |      0 |    172 |   1 |  199.0 |
               +--------+--------+--------+--------+--------+-----+--------+

Top non-repeatable levels by time:
     D:4: 2903 daAuts
     D:5: 1320 daAuts
     D:3: 1295 daAuts
     D:2: 1182 daAuts
     D:6: 1003 daAuts
     D:1: 926 daAuts
     D:7: 452 daAuts
  Temple: 199 daAuts
